 Dungeon Crawl Stone Soup version 0.29.1-13-g9f3cf754e1 (webtiles) character file.

Game seed: 2921014050582185616

3115 javelincjr the Magician (level 10, -9/84 HPs)
             Began as a Djinni Fire Elementalist on Jan 30, 2023.
             Was a High Priest of Jiyva.
             Mangled by a yak (15 damage)
             ... on level 8 of the Dungeon.
             The game lasted 00:30:53 (5912 turns).

javelincjr the Magician (Djinni Fire Elementalist)  Turns: 5912, Time: 00:30:54

Health: -9/84      AC:  6    Str: 17    XL:     10   Next: 14%
Gold:   132        EV: 14    Int: 16    God:    Jiyva [*****.] SH:  5 Dex: 13

rFire   + + .      SeeInvis +   l - +0 war axe
rCold   . . .      Faith    .   (no shield)
rNeg    . . .      Spirit   .   j - +0 steam dragon scales
rPois   ∞          Reflect  +   (no helmet)
rElec   .          Harm     .   (no cloak)
rCorr   +          Rampage  .   (no gloves)
Will    +....                   (boots unavailable)
Stlth   ++........              d - amulet of reflection
HPRegen 1.68/turn               u - ring of see invisible
MPRegen 0.00/turn               p - ring of protection from cold

@: wereblooded, flying
A: sickness immunity, fire resistance 2, cold vulnerability 1, float, innate
caster, HP casting, extra vitality 1, robust 2, strong 2, wild magic 1
a: Renounce Religion, Oozemancy, Slimify


You were on level 8 of the Dungeon.
You worshipped Jiyva.
Jiyva was extremely pleased with you.
You visited 2 branches of the dungeon, and saw 9 of its levels.

You collected 252 gold pieces.
You spent 120 gold pieces at shops.

Inventory:

Hand Weapons
 c - a +0 dagger
 f - a +0 spear
 i - a +0 long sword of flaming
 l - a +0 war axe (weapon)
 o - a +0 sling
 v - a +0 triple crossbow
 w - a +3 vorpal flail
 B - a +0 whip of venom
 C - a +0 battleaxe
Missiles
 b - a curare-tipped dart
 e - 9 poisoned darts
 k - 2 boomerangs of dispersal
 r - 2 throwing nets
Armour
 a - a +0 robe
 h - a +0 leather armour
 j - +0 steam dragon scales (worn)
 x - a +0 ring mail
 D - a +0 plate armour
Jewellery
 d - an amulet of reflection (around neck)
 p - a ring of protection from cold (right hand)
 u - a ring of see invisible (left hand)
Wands
 s - a wand of polymorph (11)
Scrolls
 m - a scroll of teleportation {unknown}
 n - a scroll of blinking
 t - a scroll of vulnerability {unknown}
 F - a scroll of immolation {unknown}
Potions
 g - a potion of heal wounds
 A - 2 potions of brilliance {unknown}
 E - 2 potions of haste {unknown}


   Skills:
 + Level 5.0 Fighting
 + Level 4.9(5.0) Axes
 + Level 0.6(3.1) Polearms
 + Level 2.4 Ranged Weapons
 + Level 4.8 Armour
 + Level 5.1 Dodging
 + Level 3.0 Stealth
 + Level 0.8 Shields
 + Level 1.0 Unarmed Combat
 + Level 5.9 Spellcasting


You couldn't memorise any spells.
You knew the following spells:

 Your Spells              Type           Power      Damage    Failure   Level
a - Foxfire               Conj/Fire      100%       2x1d9     2%          1
b - Scorch                Fire           60%        2d8       3%          2
c - Conjure Flame         Conj/Fire      30%        6-21      6%          3
d - Inner Flame           Hex/Fire       30%        N/A       6%          3
e - Flame Wave            Conj/Fire      30%        2d9       17%         4
f - Apportation           Tloc           60%        N/A       2%          1
g - Wereblood             Tmut           30%        N/A       3%          2
h - Call Imp              Summ           30%        N/A       3%          2
i - Mephitic Cloud        Conj/Pois/Air  30%        N/A       6%          3
Your spell library was empty.

Dungeon Overview and Level Annotations

Branches:
Dungeon (8/15)             Temple (1/1) D:7            Lair (0/5) D:8

Altars:
Ashenzari
Cheibriados
Dithmenos
Elyvilon
Fedhas
Gozag
Hepliaklqana
Makhleb
Nemelex Xobeh
Okawaru
Qazlal
Ru
Uskayaw
Wu Jian
Xom
Yredelemnul
Zin
The Shining One
Jiyva

Shops:
D:5 (   D:7 =([   D:8 !:(


Innate Abilities, Weirdness & Mutations

You are immune to sickness and miasma.
You are immune to poison.
Your flesh is very heat resistant. (rF++)
You are vulnerable to cold. (rC-)
You float through the air rather than walking.
You learn spells naturally, not from books.
Your magical power is your life essence.
You have superior vitality. (+4 MHP)
You are very robust. (+20% HP)
Your muscles are very strong. (Str +8, Int/Dex -2)
Your spells are a little harder to cast, but a little more powerful.


Message History

You hear a distant slurping noise.
The yak closely misses you.
You barely miss the yak.
The yak is severely wounded.
You barely miss the yak. You hit the yak but do no damage. You hit the yak.
The yak closely misses you. The yak gores you. The yak barely misses you.
The yak misses you.
Unknown command.
You slash the yak!
The yak is almost dead.
You hit the yak but do no damage. You slash the yak! You barely miss the yak.
The yak closely misses you. The yak gores you! The yak barely misses you.
You block the yak's attack.
You slash the yak!
You feel a bit better.
You kill the yak!
You hit the yak. You closely miss the yak. You hit the yak. The yak gores you!
You block the yak's attack. The yak gores you! The yak closely misses you.
The yak barely misses you. The yak closely misses you.
You feel your intelligence returning.
Your Dodging skill increases to level 5!
You barely miss the yak.
The yak is almost dead.
You hit the yak. You hit the yak but do no damage. The yak barely misses you.
The yak gores you!
* * * LOW HITPOINT WARNING * * *
The yak gores you!
* * * LOW HITPOINT WARNING * * *
You slash the yak!
You feel a bit better.
You kill the yak!
Your Fighting skill increases to level 5!
You hit the yak.
The yak is heavily wounded.
You howl as the wereblood boils in your veins!
The yak gores you!
* * * LOW HITPOINT WARNING * * *
You completely miss the yak.
The yak is moderately wounded.
A ynoxinul comes into view.
The yak gores you!
You die...

### ##.## ....## .... #.
.###.## ....#.# .# #..#
...#...
.###..###3..######..#..∩.
......#.#........#...#...
#..##.#.# #@#....#.#
...##...# ##Y#.....#
#.####.<##.####.Y..)...#
..# #..##............##
#### #..#######.....#.#
....##....# ##...>.## #
#.....#.###......#
###...♣..........#
#..♣.♣..#.[...##


You could see 2 yaks and a ynoxinul (wandering).

Vanquished Creatures
  Maggie (D:8)
  Eustachio (D:5)
  2 yaks (D:8)
  A steam dragon (D:8)
  Menkaure (D:5)
  Edmund (D:5)
  2 water moccasins
  2 orc warriors (D:7)
  3 black bears
  2 ice beasts
  A centaur (D:6)
  3 ogres
  3 kobold brigands
  A necrophage (D:8)
  3 scorpions
  A howler monkey (D:8)
  3 hounds
  2 orc priests (D:6)
  2 iguanas
  4 orc wizards
  5 gnolls
  3 adders
  A white imp (D:7)
  A worm (D:2)
  2 dart slugs (D:4)
  16 orcs
  3 giant cockroaches
  7 goblins
  5 hobgoblins
  4 jackals (D:1)
  4 quokkas
  3 ball pythons (D:2)
  3 bats
  6 frilled lizards
  14 kobolds
  3 rats (D:1)
119 creatures vanquished.

Vanquished Creatures (collateral kills)
  A gnoll (D:5)
  5 foxfires (D:1)
6 creatures vanquished.

Vanquished Creatures (others)
  A black bear (D:5)
  A necrophage (D:6)
  4 jellies
  2 iguanas
  4 orc wizards
  A gnoll (D:3)
  A white imp (D:5)
  An ufetubus (D:5)
  2 endoplasms
  11 orcs
  4 ball pythons
  A giant cockroach (D:1)
  A goblin (D:3)
  8 kobolds
  A bat (D:3)
  2 frilled lizards
  109 foxfires
  12 plants
166 creatures vanquished.

Grand Total: 291 creatures vanquished

Notes
Turn   | Place    | Note
-------+----------+-------------------------------------------
     0 | D:1      | javelincjr the Djinni Fire Elementalist began the quest for
                  | the Orb.
     0 | D:1      | javelincjr set off with the following spells memorised:
                  | Foxfire, Scorch, Conjure Flame, Inner Flame, Flame Wave.
     0 | D:1      | Reached XP level 1. HP: 15/15 MP: 0/0
    26 | D:1      | Found a faded altar of an unknown god.
   261 | D:1      | Prayed at the altar of an unknown god.
   261 | D:1      | Became a worshipper of Jiyva Jiyhoilo the Shapeless
   261 | D:1      | Reached * piety under Jiyva
   307 | D:1      | Reached XP level 2. HP: 16/22 MP: 0/0
   735 | D:1      | Reached XP level 3. HP: 25/26 MP: 0/0
   735 | D:1      | Learned a level 1 spell: Apportation
   842 | D:1      | Reached ** piety under Jiyva
  1430 | D:3      | Reached XP level 4. HP: 25/31 MP: 0/0
  1467 | D:3      | Reached *** piety under Jiyva
  1470 | D:3      | Noticed an ogre
  1479 | D:3      | Killed an ogre
  1480 | D:3      | Reached skill level 1 in Unarmed Combat
  1480 | D:3      | Reached XP level 5. HP: 36/36 MP: 0/0
  1480 | D:3      | Learned a level 2 spell: Wereblood
  1491 | D:3      | Gained mutation: You are robust. (+10% HP) [Jiyva's grace]
  1491 | D:3      | Gained mutation: You are very robust. (+20% HP) [Jiyva's
                  | grace]
  1491 | D:3      | Gained mutation: You are extremely robust. (+30% HP)
                  | [Jiyva's grace]
  1491 | D:3      | Gained mutation: You are covered in fur. (AC +1) [Jiyva's
                  | grace]
  2029 | D:4      | Reached **** piety under Jiyva
  2138 | D:4      | Noticed an ogre
  2145 | D:4      | Reached skill level 1 in Fighting
  2145 | D:4      | Reached skill level 1 in Armour
  2145 | D:4      | Reached XP level 6. HP: 39/54 MP: 0/0
  2165 | D:4      | Killed an ogre
  2332 | D:4      | Reached skill level 1 in Axes
  2332 | D:4      | Reached XP level 7. HP: 60/61 MP: 0/0
  2332 | D:4      | Learned a level 2 spell: Call Imp
  2725 | D:5      | Entered Level 5 of the Dungeon
  2734 | D:5      | Noticed a water moccasin
  2743 | D:5      | Killed a water moccasin
  2782 | D:5      | Found Ynoc's Weapon Emporium.
  2870 | D:5      | Reached XP level 8. HP: 60/71 MP: 0/0
  2913 | D:5      | Identified the +1 leather armour of Feasting {MP+9}
  2982 | D:5      | Noticed Menkaure
  2985 | D:5      | Killed Menkaure
  3040 | D:5      | Reached ***** piety under Jiyva
  3267 | D:5      | Bought a +0 triple crossbow for 120 gold pieces
  3286 | D:5      | Found a stormy altar of Qazlal.
  3288 | D:5      | Found a blossoming altar of Fedhas.
  3290 | D:5      | Found a white marble altar of Elyvilon.
  3319 | D:5      | Found a glowing golden altar of the Shining One.
  3524 | D:5      | Noticed Edmund
  3528 | D:5      | Killed Edmund
  3705 | D:5      | Noticed Eustachio
  3717 | D:5      | Killed Eustachio
  3718 | D:5      | Reached skill level 5 in Spellcasting
  4142 | D:6      | Reached skill level 1 in Ranged Weapons
  4161 | D:6      | Reached XP level 9. HP: 75/78 MP: 0/0
  4161 | D:6      | Learned a level 3 spell: Mephitic Cloud
  4208 | D:6      | Lost mutation: You are covered in fur. (AC +1) [Jiyva's
                  | grace]
  4208 | D:6      | Gained mutation: Your muscles are strong. (Str +4, Int/Dex
                  | -1) [Jiyva's grace]
  4208 | D:6      | Gained mutation: Your muscles are very strong. (Str +8,
                  | Int/Dex -2) [Jiyva's grace]
  4208 | D:6      | Gained mutation: Your spells are a little harder to cast,
                  | but a little more powerful. [Jiyva's grace]
  4208 | D:6      | Gained mutation: Your spells are harder to cast, but more
                  | powerful. [Jiyva's grace]
  4805 | D:7      | Found Yducem's Jewellery Shop.
  5008 | D:7      | Found Laeriatoj's Weapon Shoppe.
  5074 | D:7      | Found a staircase to the Ecumenical Temple.
  5187 | D:7      | Found Tonawk's Antique Armour Shop.
  5301 | Temple   | Entered the Ecumenical Temple
  5511 | Temple   | Lost mutation: You are extremely robust. (+30% HP) [potion
                  | of mutation]
  5511 | Temple   | Lost mutation: Your muscles are very strong. (Str +8,
                  | Int/Dex -2) [potion of mutation]
  5511 | Temple   | Lost mutation: Your spells are harder to cast, but more
                  | powerful. [potion of mutation]
  5511 | Temple   | Gained mutation: Your muscles are very strong. (Str +8,
                  | Int/Dex -2) [potion of mutation]
  5759 | D:8      | Noticed Maggie
  5775 | D:8      | Killed Maggie
  5776 | D:8      | Reached XP level 10. HP: 61/82 MP: 0/0
  5801 | D:8      | Found Bebrofoo's Distillery.
  5837 | D:8      | Found Jealur's Book Shop.
  5860 | D:8      | Found a staircase to the Lair.
  5891 | D:8      | Found Jygomy's Antique Weapon Emporium.
  5907 | D:8      | Reached skill level 5 in Dodging
  5911 | D:8      | Reached skill level 5 in Fighting
  5911 | D:8      | HP: 4/84 [yak (12)]
  5912 | D:8      | Mangled by a yak

Illustrated notes

Levels and vault maps discovered:
D:1:      minmay_arrival_solitary_statue, layout_loops_ring,
          chequers_ecumenical_altar_lobes, serial_glass, glass_columns_c,
          glass_columns_c, glass_columns_a, glass_columns_a, glass_columns_a,
          glass_columns_a
D:2:      layout_rooms
D:3:      layout_rooms
D:4:      minmay_inner_zag, layout_basic
D:5:      layout_loops_corners, nicolae_overflow_quartered_altars, serial_shops,
          shop, uniq_eustachio, uniq_menkaure, uniq_edmund
D:6:      layout_loops_ring, kennysheep_crisscross, dk_noncrumbling_4,
          kennysheep_generic_room_9
D:7:      layout_loops_cross, minmay_temple_entry_overgrown, serial_shops, shop,
          nicolae_shop_hallway_plus, nicolae_shop_behind_doors,
          hangedman_decor_lopped
D:8:      layout_loops_ring, nzn_overflow_gifts_of_might_and_magic,
          lair_entry_dummy, serial_shops, nicolae_diamond_shop,
          nicolae_diamond_shop, shop, shop, serial_bayou_crossing, uniq_maggie
Temple:   nicolae_temple_slightly_damp_pantheon

Skill      XL: |  1  2  3  4  5  6  7  8  9 10 |
---------------+-------------------------------+-----
Spellcasting   | 3 4 5 |  5.9
Stealth        | 2 3 |  3.0
Unarmed Combat | 1 |  1.0
Fighting       | 1 2 3 4 5 |  5.0
Armour         | 1 2 3 4 |  4.8
Dodging        | 3 4 5 |  5.1
Axes           | 1 2 3 4 |  4.9
Ranged Weapons | 1 2 |  2.4
Polearms       | |  0.6
Shields        | |  0.8

Action                   |  1- 3 |  4- 6 |  7- 9 | 10-12 || total
-------------------------+-------+-------+-------+-------++-------
Melee: Unarmed           |    64 |       |       |       ||    64
       Spear             |     7 |    25 |       |       ||    32
       War axe           |       |    31 |   143 |    30 ||   204
       Punch             |       |       |       |     2 ||     2
 Fire: Triple crossbow   |       |       |    29 |       ||    29
 Cast: Foxfire           |    48 |    17 |    10 |     3 ||    78
       Scorch            |    10 |    23 |    33 |     2 ||    68
       Call Imp          |       |       |     5 |       ||     5
       Wereblood         |       |       |     3 |     1 ||     4
       Flame Wave        |       |       |     2 |       ||     2
       Mephitic Cloud    |       |       |     1 |       ||     1
       Inner Flame       |       |       |     1 |       ||     1
  Use: Scroll            |       |       |     4 |       ||     4
       Potion            |       |       |     7 |       ||     7
 Stab: Sleeping          |     2 |       |       |       ||     2
       Distracted        |       |       |     1 |       ||     1
Armor: Robe              |    15 |       |       |       ||    15
       Leather armour    |       |    23 |    29 |       ||    52
       Ring mail         |       |       |    21 |       ||    21
       Steam dragon scal |       |       |       |     7 ||     7
Dodge: Dodged            |    87 |    66 |   150 |    27 ||   330
Block: Other             |       |       |    12 |    12 ||    24
